 Dungeon Crawl Stone Soup version 0.26.0-10-g1f06aea511 (webtiles) character file.

Game seed: 36758786877393907

13416 Arthanis the Arsonist (level 11, -13/54 HPs)
             Began as a Deep Elf Fire Elementalist on Jan 17, 2021.
             Was a Priest of Vehumet.
             Mangled by a two-headed ogre
             ... wielding a +0 giant club
              (14 damage)
             ... on level 11 of the Dungeon.
             The game lasted 00:24:32 (14320 turns).

Arthanis the Arsonist (Deep Elf Fire Elementalist) Turns: 14320, Time: 00:24:33

Health: -13/54     AC: 10    Str:  5    XL:     11   Next: 75%
Magic:  5/29       EV: 15    Int: 24    God:    Vehumet [***...]
Gold:   653        SH:  0    Dex: 19    Spells: 17/34 levels left

rFire    . . .     SeeInvis .   y - +1 war axe "Pusmod" {drain, Dex+4 Stlth+} (curse)
rCold    . . .     Faith    .   (no shield)
rNeg     . . .     Spirit   .   a - +0 robe
rPois    +         Reflect  .   (no helmet)
rElec    .         Harm     .   A - +2 cloak
rCorr    .         Rampage  .   (no gloves)
Will     +....                  B - +0 pair of boots
Stlth    ++++......             (no amulet)
HPRegen  0.18/turn              l - +4 ring of protection
MPRegen  0.21/turn              s - ring of poison resistance

@: slowed, very slow
A: no striking features
a: Renounce Religion


You were on level 11 of the Dungeon.
You worshipped Vehumet.
Vehumet was most pleased with you.
You visited 2 branches of the dungeon, and saw 12 of its levels.
You also visited: Ossuary.

You collected 814 gold pieces.
You spent 161 gold pieces at shops.

Inventory:

Hand Weapons
 n - a +0 trident
 q - a +1 short sword of flaming
 y - the cursed +1 war axe "Pusmod" (weapon) {drain, Dex+4 Stlth+}
   (You bought it in a shop on level 4 of the Dungeon)

   A truly terrible weapon, it drains the life of those it strikes.
   It affects your dexterity (+4).
   It makes you more stealthy.
   It has a curse placed upon it.
 H - a +2 vorpal spear
Armour
 a - a +0 robe (worn)
 A - a +2 cloak (worn)
 B - a +0 pair of boots (worn)
Jewellery
 l - a +4 ring of protection (left hand)
 s - a ring of poison resistance (right hand)
Wands
 e - a wand of acid (2)
 o - a wand of flame (42)
 u - a wand of digging (16)
Scrolls
 b - 3 scrolls of teleportation
 g - 4 scrolls of enchant weapon
 h - 2 scrolls of fog
 m - 3 scrolls of enchant armour
 r - 11 scrolls of remove curse
 t - 5 scrolls of immolation
 J - a scroll of torment {unknown}
 K - a scroll of brand weapon {unknown}
 L - a scroll of random uselessness {unknown}
Potions
 c - 4 potions of flight
 d - 6 potions of brilliance
 i - 3 potions of magic {unknown}
 j - a potion of cancellation
 k - 3 potions of haste
 p - 3 potions of lignification
 v - a potion of might {unknown}
 x - 3 potions of heal wounds {unknown}
 z - 2 potions of mutation {unknown}
 C - 2 potions of attraction {unknown}
 D - 2 potions of resistance {unknown}
 E - a potion of degeneration {unknown}
 F - 5 potions of curing
 G - a potion of invisibility
 I - 2 potions of berserk rage {unknown}


   Skills:
 + Level 4.7 Dodging
 - Level 3.0 Stealth
 + Level 12.0 Spellcasting
 + Level 10.1 Conjurations
 * Level 14.0 Fire Magic
 + Level 4.0 Evocations


You had 17 spell levels left.
You knew the following spells:

 Your Spells              Type           Power        Failure   Level
a - Foxfire               Conj/Fire      100%         1%          1
b - Conjure Flame         Conj/Fire      64%          1%          3
c - Sticky Flame          Conj/Fire      64%          1%          4
d - Fireball              Conj/Fire      32%          1%          5
e - Shock                 Conj/Air       100%         1%          1
f - Mephitic Cloud        Conj/Pois/Air  30%          1%          3

Your spell library contained the following spells:

 Spells                   Type           Power        Failure   Level
 Hailstorm                Conj/Ice       38%          1%          4
 Ignite Poison            Fire/Tmut/Pois 36%          1%          3
 Inner Flame              Hex/Fire       48%          1%          3
 Sting                    Tmut/Pois      56%          4%          1
 Poisonous Vapours        Pois/Air       28%          6%          2
 Olgreb's Toxic Radiance  Pois           14%          11%         4
 Confusing Touch          Hex            14%          13%         3
 Gell's Gravitas          Tloc           7%           13%         3
 Yara's Violent Unravell  Hex/Tmut       7%           28%         5
 Petrify                  Tmut/Erth      14%          38%         4
 Metabolic Englaciation   Hex/Ice        7%           75%         5


Dungeon Overview and Level Annotations

Branches:
Dungeon (11/15)            Temple (1/1) D:5            Lair (0/6) D:9
Ossuary (visited)
    Orc: D:9-12

Altars:
Dithmenos
Gozag
Hepliaklqana
Kikubaaqudgha
Makhleb
Nemelex Xobeh
Okawaru
Sif Muna
Trog
Vehumet
Wu Jian
Xom
Yredelemnul
The Shining One

Shops:
D:2 *   D:4 (   D:8 }(   D:9 (

Annotations:
D:8 3 runed translucent doors, askman's ghost, novice DsFi; ioannis32's ghost, novice DsBe


Message History

The acid corrodes the two-headed ogre!
The two-headed ogre is heavily wounded.
The bolt of acid hits the two-headed ogre!
The two-headed ogre is splashed with acid.
The two-headed ogre is moderately wounded.
The two-headed ogre barely misses you.
The two-headed ogre hits you with a +0 giant club!
* * * LOW HITPOINT WARNING * * *
The two-headed ogre misses you. The two-headed ogre closely misses you.
As you read the scroll labelled XARESKISHRA, it crumbles to dust.
It is a scroll of amnesia.
Really abort (and waste the scroll)? [Y]es or [N]o only, please.
Really abort (and waste the scroll)?
Okay, then.
The two-headed ogre hits you with a +0 dire flail!
* * * LOW HITPOINT WARNING * * *
The two-headed ogre closely misses you. The two-headed ogre misses you.
The two-headed ogre hits you with a +0 giant club!
You die...

##################
......#........O@#
......'.....)..O.#
......#..........#
......##...##....#
#####'##...##...##
#.....##....#...#
............#....
............#....#
......##...#######


You could see 2 two-headed ogres.

Vanquished Creatures
  An ogre mage (D:11)
  A boulder beetle (D:11)
  A hydra (D:11)
  4 two-headed ogres
  2 unseen horrors (D:10)
  A manticore (D:11)
  Joseph (D:8)
  Maggie (D:6)
  A troll (D:9)
  A hornet (D:11)
  A spriggan (D:7)
  5 yaks (D:10)
  2 phantoms
  2 orc warriors
  An eye of draining (D:11)
  2 black bears
  3 ice beasts
  3 ogres
  2 wolves (D:9)
  10 centaurs
  7 bullfrogs
  A gnoll sergeant (D:8)
  4 water moccasin zombies (Ossuary)
  A wyvern skeleton (D:10)
  4 scorpions
  5 killer bees (D:10)
  5 howler monkeys
  A vampire bat (D:8)
  3 wights (D:7)
  4 electric eels (D:9)
  2 quasits
  3 centaur skeletons
  A jelly (D:7)
  13 hounds
  4 orc priests
  2 bullfrog skeletons
  4 orc wizards
  3 iguanas
  9 worker ants
  A killer bee zombie (D:9)
  2 big kobold zombies (Ossuary)
  2 hound zombies
  2 hound skeletons
  2 mummies (Ossuary)
  A worker ant zombie (D:5)
  6 gnolls
  14 adders
  2 shadow imps
  3 white imps
  An ufetubus (D:5)
  2 oozes
  9 adder zombies
  2 worms
  4 leopard geckos
  28 orcs
  3 bat skeletons (D:8)
  3 bat zombies (D:8)
  6 giant cockroaches
  5 goblins
  7 hobgoblins
  14 jackals
  4 kobolds
  2 quokkas
  2 ball pythons
  4 bats
  9 frilled lizards
  4 gnoll zombies (Ossuary)
  2 hobgoblin zombies (Ossuary)
  A kobold zombie (Ossuary)
  4 orc zombies (Ossuary)
  A quokka skeleton (D:4)
  A quokka zombie (D:8)
  4 rats
278 creatures vanquished.

Vanquished Creatures (collateral kills)
  4 foxfires
4 creatures vanquished.

Vanquished Creatures (others)
  1636 foxfires
  5 toadstools (D:7)
  6 withered plants (D:8)
1647 creatures vanquished.

Grand Total: 1929 creatures vanquished

Notes
Turn   | Place    | Note
-------+----------+-------------------------------------------
     0 | D:1      | Arthanis the Deep Elf Fire Elementalist began the quest for
                  | the Orb.
     0 | D:1      | Reached XP level 1. HP: 10/10 MP: 6/6
   175 | D:1      | Reached XP level 2. HP: 15/15 MP: 2/8
   798 | D:1      | Reached skill level 4 in Fire Magic
  1181 | D:2      | Found a shadowy altar of Dithmenos.
  1188 | D:2      | Reached XP level 3. HP: 19/19 MP: 6/10
  1259 | D:2      | Learned a level 3 spell: Conjure Flame
  1556 | D:2      | Found an opulent altar of Gozag.
  1560 | D:2      | Found Gozag's Platinum Reserve.
  2385 | D:3      | Reached XP level 4. HP: 24/24 MP: 8/11
  2450 | D:3      | Learned a level 4 spell: Sticky Flame
  2871 | D:3      | Found a shimmering altar of Xom.
  3449 | D:4      | Found Zipogg's Antique Weapon Emporium.
  3523 | D:4      | Reached skill level 5 in Fire Magic
  3530 | D:4      | Reached XP level 5. HP: 17/28 MP: 3/13
  3674 | D:4      | Noticed a centaur
  3679 | D:4      | Killed a centaur
  3711 | D:4      | Reached XP level 6. HP: 21/32 MP: 3/15
  3717 | D:4      | Learned a level 5 spell: Fireball
  3951 | D:4      | Reached skill level 5 in Spellcasting
  4278 | D:4      | Reached skill level 6 in Fire Magic
  4337 | D:4      | Noticed an ice beast
  4358 | D:4      | Killed an ice beast
  4488 | D:5      | Entered Level 5 of the Dungeon
  4527 | D:5      | Reached XP level 7. HP: 36/36 MP: 10/17
  4803 | D:5      | Reached skill level 7 in Fire Magic
  5070 | D:5      | Found a basalt altar of Yredelemnul.
  5507 | D:5      | Found a staircase to the Ecumenical Temple.
  5524 | Temple   | Entered the Ecumenical Temple
  5635 | Temple   | Became a worshipper of Vehumet
  5836 | D:5      | Found an opulent altar of Gozag.
  5837 | D:5      | Found a sparkling altar of Nemelex Xobeh.
  5842 | D:5      | Reached skill level 5 in Conjurations
  6201 | D:4      | Bought a twisted war axe for 161 gold pieces
  6201 | D:4      | Identified the cursed +1 war axe "Pusmod" {drain, Dex+4
                  | Stlth+} (You bought it in a shop on level 4 of the Dungeon)
  6355 | D:6      | Noticed a two-headed ogre
  6388 | D:6      | Killed a two-headed ogre
  6389 | D:6      | Reached skill level 9 in Fire Magic
  6389 | D:6      | Reached XP level 8. HP: 41/41 MP: 8/21
  6792 | D:6      | Found an iron altar of Okawaru.
  6795 | D:6      | Found an ornate altar of the Wu Jian Council.
  6798 | D:6      | Found a burning altar of Makhleb.
  6998 | D:6      | Noticed Maggie
  7025 | D:6      | Killed Maggie
  7026 | D:6      | Reached skill level 10 in Fire Magic
  7026 | D:6      | Reached XP level 9. HP: 22/45 MP: 1/23
  8173 | D:7      | Reached * piety under Vehumet
  8173 | D:7      | Offered knowledge of Shock by Vehumet.
  8177 | D:7      | Learned a level 1 spell: Shock
  8735 | D:7      | Reached skill level 11 in Fire Magic
  9367 | D:8      | Found Neinoof's Gadget Emporium.
  9498 | D:8      | Found a runed translucent gate.
  9499 | D:8      | Found a runed translucent gate.
  9501 | D:8      | Found a runed translucent gate.
  9501 | D:8      | Noticed ioannis32's ghost (novice DsBe)
  9501 | D:8      | Noticed askman's ghost (novice DsFi)
  9519 | D:8      | Noticed Joseph
  9568 | D:8      | Found a sand-covered staircase.
  9584 | Ossuary  | Entered an ossuary
  9858 | Ossuary  | Offered knowledge of Freeze by Vehumet.
  9863 | Ossuary  | Reached XP level 10. HP: 50/50 MP: 15/25
  9863 | Ossuary  | Reached ** piety under Vehumet
 10081 | Ossuary  | Learned a level 3 spell: Mephitic Cloud
 10159 | D:8      | Found Rucsouh's Antique Weapon Emporium.
 10413 | D:8      | Killed Joseph
 10414 | D:8      | Reached skill level 1 in Evocations
 10575 | D:8      | Reached skill level 10 in Spellcasting
 10906 | D:8      | Found an ancient bone altar of Kikubaaqudgha.
 10998 | D:9      | Noticed a two-headed ogre
 11001 | D:9      | Killed a two-headed ogre
 11002 | D:9      | Reached skill level 12 in Fire Magic
 11139 | D:9      | Found Wiceihos's Weapon Shoppe.
 11475 | D:9      | Offered knowledge of Static Discharge by Vehumet.
 11477 | D:9      | Found a staircase to the Lair.
 12301 | D:10     | Entered Level 10 of the Dungeon
 12358 | D:10     | Reached *** piety under Vehumet
 12521 | D:10     | Noticed an unseen horror
 12522 | D:10     | Killed an unseen horror
 12523 | D:10     | Reached skill level 13 in Fire Magic
 12523 | D:10     | Reached XP level 11. HP: 36/54 MP: 9/28
 12849 | D:10     | Offered knowledge of Hailstorm by Vehumet.
 13237 | D:10     | Noticed an unseen horror
 13238 | D:10     | Killed an unseen horror
 13658 | D:11     | Noticed a boulder beetle
 13685 | D:11     | Killed a boulder beetle
 13838 | D:11     | Noticed an eight-headed hydra
 13843 | D:11     | Killed an eight-headed hydra
 13846 | D:11     | Identified the +3 short sword of Death {vorpal, +Rage}
 13945 | D:11     | Noticed a brown ugly thing
 14074 | D:11     | Found a shimmering altar of Xom.
 14220 | D:11     | Noticed a two-headed ogre
 14221 | D:11     | Noticed a two-headed ogre
 14226 | D:11     | Killed a two-headed ogre
 14227 | D:11     | Killed a two-headed ogre
 14228 | D:11     | Reached skill level 10 in Conjurations
 14228 | D:11     | Noticed a two-headed ogre
 14230 | D:11     | Noticed an ogre mage
 14236 | D:11     | Noticed a two-headed ogre
 14312 | D:11     | Noticed a two-headed ogre
 14314 | D:11     | Killed an ogre mage
 14315 | D:11     | Reached skill level 14 in Fire Magic
 14320 | D:11     | HP: 1/54 [two-headed ogre/+0 dire flail (9)]
 14320 | D:11     | Mangled by a two-headed ogre

Illustrated notes

Levels and vault maps discovered:
D:1:      minmay_arrival_plants_in_alcoves, layout_rooms
D:2:      layout_loops_cross, nicolae_dithmenos_through_a_glass_darkly,
          nicolae_gozag_zags_fifth_avenue
D:3:      layout_basic, nicolae_overflow_hidden_temple
D:4:      layout_basic, serial_shops, nicolae_shop_trees
D:5:      layout_loops_corners, grunt_temple_overflow_opulence,
          lemuel_crystal_altar, minmay_temple_entry_mist
D:6:      layout_cave_pods, grunt_temple_overflow_diamond,
          kennysheep_generic_room_7, uniq_maggie
D:7:      layout_cave_pods, minmay_gold_behind_fungi, nicolae_zen_rock_garden,
          the_bakery
D:8:      layout_rooms, kennysheep_vampire_church, gammafunk_ghost_cemetery,
          nicolae_ossuary_entry_monument, serial_shops, shop,
          nicolae_shop_statue_plus, uniq_joseph
D:9:      layout_long_grid, erik_lair_island, serial_shops, shop,
          eino_small_chamber_without_monster, wad_dig_loot
D:10:     layout_basic
D:11:     layout_gridville, basic_altar
Temple:   nicolae_temple_figure_eight

Skill      XL: |  1  2  3  4  5  6  7  8  9 10 11 |
---------------+----------------------------------+-----
Fire Magic     | 4 5 6 9 10 11 13 14 | 14.0
Conjurations   | 2 3 4 6 7 9 10 | 10.1
Spellcasting   | 4 5 7 8 9 11 12 | 12.0
Stealth        | 3 |  3.0
Evocations     | 2 4 |  4.0
Dodging        | 3 4 |  4.7

Action                   |  1- 3 |  4- 6 |  7- 9 | 10-12 || total
-------------------------+-------+-------+-------+-------++-------
Melee: Trident           |       |     2 |       |       ||     2
       War axe           |       |       |     7 |     3 ||    10
 Cast: Foxfire           |   134 |   120 |   410 |   343 ||  1007
       Sticky Flame      |       |     1 |     4 |    15 ||    20
       Fireball          |       |       |     2 |    35 ||    37
       Conjure Flame     |       |       |     2 |     4 ||     6
       Shock             |       |       |       |    25 ||    25
       Mephitic Cloud    |       |       |       |     1 ||     1
Evoke: Wand              |       |       |       |    11 ||    11
  Use: Potion            |       |       |     4 |       ||     4
       Scroll            |       |       |     7 |     7 ||    14
 Stab: Sleeping          |       |     2 |     1 |       ||     3
Armor: Robe              |     4 |    10 |    56 |    29 ||    99
Dodge: Dodged            |    14 |    34 |    85 |    77 ||   210
